 Dungeon Crawl Stone Soup version 0.31-a0-339-gda1cbd555d (webtiles) character file.

Game seed: 17059418450292258215

111 promet the Skirmisher (level 4, -11/51 HPs)
             Began as a Gnoll Wanderer on July 21, 2023.
             Killed by divine providence
             ... invoked by an orc priest
              (13 damage)
             ... on level 3 of the Dungeon.
             The game lasted 00:06:46 (1504 turns).

promet the Skirmisher (Gnoll Wanderer)              Turns: 1504, Time: 00:06:47

Health: -11/51     AC: 22    Str: 10    XL:     4   Next: 92%
Magic:  8/8        EV:  2    Int: 15    God:
Gold:   76         SH:  0    Dex: 11    Spells: 9/9 levels left

rFire   . . .        b - +3 sling
rCold   . . .        (no shield)
rNeg    . . .        c - melded +0 robe
rPois   +            (helmet currently unavailable)
rElec   .            (cloak currently unavailable)
rCorr   .            g - melded +1 pair of gloves
SInv    .            (boots currently unavailable)
Will    .....        (no amulet)
Stlth   ++           i - +5 ring of evasion
HPRegen 0.28/turn    (no ring)
MPRegen 0.11/turn

%: no passive effects
@: tree-form
A: stationary, stasis, torment immunity, boosted hp, (fangs 1), strong nose,
distributed training
a: no special abilities


You were on level 3 of the Dungeon.
You were a tree.
You visited 1 branch of the dungeon, and saw 3 of its levels.

You collected 76 gold pieces.

Inventory:

Hand Weapons
 a - a +0 dagger
 b - a +3 sling (weapon)
Missiles
 f - 8 stones
Armour
 c - a +0 robe (melded)
 g - a +1 pair of gloves (melded)
Jewellery
 i - a +5 ring of evasion (left branch)
Potions
 e - a potion of lignification
 h - a potion of ambrosia {unknown}
 j - a potion of attraction {unknown}


   Skills:
 + Level 2.8 Fighting
 + Level 1.3 Short Blades
 + Level 1.3 Long Blades
 + Level 1.3 Axes
 + Level 1.3 Maces & Flails
 + Level 1.3 Polearms
 + Level 1.3 Staves
 + Level 8.6 Ranged Weapons
 + Level 1.3 Throwing
 + Level 4.7 Armour
 + Level 1.3 Dodging
 + Level 1.3 Stealth
 + Level 1.3 Shields
 + Level 1.3 Unarmed Combat
 + Level 3.1 Spellcasting
 + Level 1.0 Conjurations
 + Level 1.0 Hexes
 + Level 1.0 Summonings
 + Level 1.0 Necromancy
 + Level 2.3 Translocations
 + Level 1.0 Transmutations
 + Level 1.0 Fire Magic
 + Level 1.0 Ice Magic
 + Level 1.0 Air Magic
 + Level 1.0 Earth Magic
 + Level 1.0 Poison Magic
 + Level 1.4 Invocations
 + Level 2.8 Evocations
 + Level 1.0 Shapeshifting


You had 9 spell levels left.
You didn't know any spells.
Your spell library contained the following spells:

 Spells                   Type           Power      Damage    Failure   Level
 Blink                    Tloc           18%        N/A       12%         2
 Freeze                   Ice            20%        1d4       13%         1
 Momentum Strike          Conj/Tloc      14%        3d8       16%         2
 Cigotuvi's Dreadful Rot  Necr/Pois/Air  10%        N/A       19%         2
 Frozen Ramparts          Ice            10%        1d2       36%         3
 Hailstorm                Conj/Ice       5%         3d4       36%         3
 Ignite Poison            Fire/Tmut/Pois 5%         N/A       36%         3
 Freezing Cloud           Conj/Ice/Air   2%         6-21      98%         5


Dungeon Overview and Level Annotations

Branches:
Dungeon (3/15)

Altars:

Annotations:
D:2 Natasha, Terence


Innate Abilities, Weirdness & Mutations

You are a tree.
Your roots penetrate the ground, keeping you stationary.
You cannot be teleported.
You are immune to unholy pain and torment.
Your maximum health is greatly increased.
Your equipment is partially melded.
((You have very sharp teeth.))
Your uncanny sense of smell can sniff out nearby items.
Your experience applies equally to all skills.


Message History

The orc priest invokes the aid of Beogh against you.
Beogh smites you! The orc closely misses you.
You are too injured to fight recklessly!
Unknown command.
Okay, then.
Okay, then.
Fire: b) +3 sling
Press: ? - help, Q - select action, (/) - cycle Shift-Dir - straight line, f - orc priest
Aim: an orc priest, wielding a +2 vampiric short sword and wearing a +0 scale mail (66% to hit)
You shoot a sling bullet. The sling bullet hits the orc priest!
The orc priest is heavily wounded.
The dart slug launches a dart at you. The slug dart misses you.
The orc hits you with a +0 club.
Fire: b) +3 sling
Press: ? - help, Q - select action, (/) - cycle Shift-Dir - straight line, f/p - orc priest
Aim: an orc priest, wielding a +2 vampiric short sword and wearing a +0 scale mail (heavily wounded, 66% to hit)
You shoot a sling bullet.
The sling bullet hits the orc priest but does no damage.
The orc priest is heavily wounded.
The orc barely misses you.
The orc priest invokes the aid of Beogh against you.
Pain shoots through your body!
* * * LOW HITPOINT WARNING * * *
Really quaff the potion of lignification? [Y]es or [N]o only, please.
Really quaff the potion of lignification? [Y]es or [N]o only, please.
Really quaff the potion of lignification?
You turn into a tree.
Your +1 pair of gloves melds into your body.
Your +0 robe melds into your body.
Your roots penetrate the ground.
The orc hits you but does no damage.
Fire: b) +3 sling
Press: ? - help, Q - select action, (/) - cycle Shift-Dir - straight line, f/p - orc priest
Aim: an orc priest, wielding a +2 vampiric short sword and wearing a +0 scale mail (heavily wounded, 66% to hit)
You shoot a sling bullet. The sling bullet hits the orc priest!
The orc priest is almost dead.
The orc priest mumbles some strange prayers to Beogh against you.
Beogh smites you!
You die...

... ### ....
....
.....#######....
........<.......
.....#)).......
∆... #.........
# #..†..####
#.....# #.♣...#
#o)...#
#.........
#.o...#w..
#.....#...
......# ..
......# ........


You could see an orc priest, a dart slug and an orc.

Vanquished Creatures
  Natasha (twice) (D:2)
  2 adders
  2 worms (D:2)
  An orc (D:3)
  4 bats
  3 endoplasms (D:1)
  A giant cockroach (D:3)
  4 goblins
  4 hobgoblins
  2 jackals (D:1)
  A quokka (D:1)
  4 ball pythons
  2 frilled lizards (D:1)
  2 kobolds
  4 rats
38 creatures vanquished.

Notes
Turn   | Place    | Note
-------+----------+-------------------------------------------
     0 | D:1      | promet the Gnoll Wanderer began the quest for the Orb.
     0 | D:1      | promet set off with the following items: a +3 sling, a
                  | potion of lignification, a +0 robe; and the following
                  | spells available to memorise: Blink, Momentum Strike.
     0 | D:1      | Reached XP level 1. HP: 17/17 MP: 4/4
    27 | D:1      | Found a faded altar of an unknown god.
   174 | D:1      | Reached XP level 2. HP: 23/23 MP: 5/5
   944 | D:2      | Reached XP level 3. HP: 28/28 MP: 7/7
  1004 | D:2      | Noticed Natasha
  1008 | D:2      | Killed Natasha
  1009 | D:2      | Reached skill level 1 in Short Blades
  1009 | D:2      | Reached skill level 1 in Long Blades
  1009 | D:2      | Reached skill level 1 in Axes
  1009 | D:2      | Reached skill level 1 in Maces & Flails
  1009 | D:2      | Reached skill level 1 in Polearms
  1009 | D:2      | Reached skill level 1 in Staves
  1009 | D:2      | Reached skill level 1 in Throwing
  1009 | D:2      | Reached skill level 1 in Dodging
  1009 | D:2      | Reached skill level 1 in Stealth
  1009 | D:2      | Reached skill level 1 in Shields
  1009 | D:2      | Reached skill level 1 in Unarmed Combat
  1009 | D:2      | Reached skill level 1 in Invocations
  1036 | D:2      | Reached XP level 4. HP: 34/34 MP: 8/8
  1253 | D:2      | Noticed Natasha
  1270 | D:2      | Killed Natasha
  1271 | D:2      | Reached skill level 1 in Conjurations
  1271 | D:2      | Reached skill level 1 in Hexes
  1271 | D:2      | Reached skill level 1 in Summonings
  1271 | D:2      | Reached skill level 1 in Necromancy
  1271 | D:2      | Reached skill level 1 in Transmutations
  1271 | D:2      | Reached skill level 1 in Fire Magic
  1271 | D:2      | Reached skill level 1 in Ice Magic
  1271 | D:2      | Reached skill level 1 in Air Magic
  1271 | D:2      | Reached skill level 1 in Earth Magic
  1271 | D:2      | Reached skill level 1 in Poison Magic
  1271 | D:2      | Reached skill level 1 in Shapeshifting
  1280 | D:2      | Noticed Natasha
  1282 | D:2      | Noticed Terence
  1502 | D:3      | HP: 1/34 [orc priest/nerve-wracking pain (12)]
  1504 | D:3      | Killed from afar by an orc priest

Illustrated notes

Levels and vault maps discovered:
D:1:      heliophobic_arrival_enchanted_forest, layout_basic,
          ebering_ecumenical_altar_sacrificial
D:2:      layout_rooms, uniq_natasha, uniq_terence
D:3:      layout_basic, old_standard_altar, uniq_ijyb

Skill      XL: |  1  2  3  4 |
---------------+-------------+-----
Translocations | 2 |  2.3
Short Blades   | 1 |  1.3
Long Blades    | 1 |  1.3
Axes           | 1 |  1.3
Maces & Flails | 1 |  1.3
Polearms       | 1 |  1.3
Staves         | 1 |  1.3
Throwing       | 1 |  1.3
Dodging        | 1 |  1.3
Stealth        | 1 |  1.3
Shields        | 1 |  1.3
Unarmed Combat | 1 |  1.3
Invocations    | 1 |  1.4
Spellcasting   | 3 |  3.1
Conjurations   | 1 |  1.0
Hexes          | 1 |  1.0
Summonings     | 1 |  1.0
Necromancy     | 1 |  1.0
Transmutations | 1 |  1.0
Fire Magic     | 1 |  1.0
Ice Magic      | 1 |  1.0
Air Magic      | 1 |  1.0
Earth Magic    | 1 |  1.0
Poison Magic   | 1 |  1.0
Shapeshifting  | 1 |  1.0
Fighting       | |  2.8
Ranged Weapons | |  8.6
Armour         | |  4.7
Evocations     | |  2.8

Action                     |  1- 3 |  4- 6 || total
---------------------------+-------+-------++-------
  Melee: Dagger            |    19 |    34 ||    53
         Club              |     7 |       ||     7
         Bite              |     2 |     1 ||     3
         Punch             |       |     1 ||     1
   Fire: Sling             |    54 |    39 ||    93
    Use: Scroll            |       |     1 ||     1
         Potion            |       |     1 ||     1
   Stab: Sleeping          |     1 |       ||     1
 Armour: Robe              |     4 |    14 ||    18
         Skin              |       |     1 ||     1
  Dodge: Dodged            |    22 |    56 ||    78

Table legend: (Time is in decaauts)
 A = Elapsed time spent in this place.
 B = Non-inter-level travel time spent in this place.
 C = Inter-level travel time spent in this place.
 D = Time resting spent in this place.
 E = Time spent auto-exploring this place.
 F = Levels seen in this place.
 G = Mean time per level.
                   A        B        C        D        E       F      G
               +--------+--------+--------+--------+--------+-----+--------+
         Total |   1503 |   1478 |     25 |    551 |    399 |   3 |  501.0 |
       Dungeon |   1503 |   1478 |     25 |    551 |    399 |   3 |  501.0 |
               +--------+--------+--------+--------+--------+-----+--------+

Top non-repeatable levels by time:
     D:1: 931 daAuts
     D:2: 366 daAuts
     D:3: 204 daAuts
